 Dungeon Crawl Stone Soup version 0.31-a0-176-g91f28db67f (webtiles) character file.

Game seed: 11151243856302841537

53486 AvylaarBelgium the Eclecticist (level 14, -2/117 HPs)
             Began as a Deep Elf Venom Mage on June 17, 2023.
             Was a High Priest of Vehumet.
             Slain by a shambling mangrove (9 damage)
             ... on level 1 of the Swamp on June 18, 2023.
             The game lasted 02:19:29 (16682 turns).

AvylaarBelgium the Eclecticist (DEVM)              Turns: 16682, Time: 02:19:30

Health: -2/117     AC: 27    Str:  8 (9)  XL:     14   Next: 31%
Magic:  4/35       EV: -1    Int: 26 (29) God:    Vehumet [*****.]
Gold:   780        SH:  5    Dex: 18 (20) Spells: 6/43 levels left

rFire   . . .        H - +8 morningstar "Riewi" {venom, rN+ Will- rCorr Int+4}
rCold   . . .        t - +0 buckler
rNeg    + . .        z - melded +3 leather armour {Will+}
rPois   +            k - melded +1 helmet of the Game Afoot {Str-4 Int+3}
rElec   .            (cloak currently unavailable)
rCorr   +            y - melded +0 pair of gloves
SInv    .            (boots currently unavailable)
Will    .....        (no amulet)
Stlth   ++           j - +5 ring of evasion
HPRegen 0.39/turn    m - +6 ring of dexterity
MPRegen 0.24/turn

%: no passive effects
@: brilliant, tree-form, grasped by roots, on berserk cooldown, slowed,
constricted, very slow
A: stationary, stasis, torment immunity, boosted hp, (fangs 1), strong 1
a: Renounce Religion


You were on level 1 of the Swamp.
You worshipped Vehumet.
Vehumet was extremely pleased with you.
You were a tree.
You visited 5 branches of the dungeon, and saw 18 of its levels.

You collected 901 gold pieces.
You spent 121 gold pieces at shops.

Inventory:

Hand Weapons
 h - a +1 demon trident of electrocution
 H - the +8 morningstar "Riewi" (weapon) {venom, rN+ Will- rCorr Int+4}
   (You found it on level 7 of the Dungeon)

   Int:       It affects your intelligence (+4).
   rN:        It protects you from negative energy.
   rCorr:     It protects you from acid and corrosion.
   Will:      It decreases your willpower.
 W - the +3 hand axe of Freehold {flame, Dex+5}
   (You took it off a spriggan on level 5 of the Lair of Beasts)

   Dex:       It affects your dexterity (+5).
Missiles
 d - 44 poisoned darts
Armour
 k - the +1 helmet of the Game Afoot (melded) {Str-4 Int+3}
   (You found it on level 2 of the Dungeon)

   Str:       It affects your strength (-4).
   Int:       It affects your intelligence (+3).
 t - a +0 buckler (worn)
 w - +0 swamp dragon scales
 y - a +0 pair of gloves (melded)
 z - a +3 leather armour of willpower (melded)
 M - the +3 chain mail of the Blue Skies {Drain +Inv Will++}
   (You found it on level 9 of the Dungeon)

   +Inv:      It lets you turn invisible.
   Drain:     It drains your maximum health when unequipped.
   Will:      It greatly increases your willpower.
 N - a +1 robe of willpower
Magical Staves
 Y - the staff of poison "Pejasoa Uqui" {rPois Str+4 Int+2}
   (You found it on level 5 of the Lair of Beasts)

   [staff of poison]

   Base accuracy: +5 Base damage: 5 Base attack delay: 1.2 This weapon's minimum
   attack delay (0.6) is reached at skill level 12.
   Str:       It affects your strength (+4).
   Int:       It affects your intelligence (+2).
   rPois:     It protects you from poison.
   It falls into the 'Staves' category.
   It is a one-handed weapon.
Jewellery
 j - a +5 ring of evasion (left branch)
 m - a +6 ring of dexterity (right branch)
 o - a ring of wizardry
 C - a ring of protection from fire
 F - a ring of flight
 R - a ring of protection from fire
Wands
 a - a wand of iceblast (10)
 b - a wand of flame (7)
 g - a wand of polymorph (7)
 s - a wand of acid (13)
 K - a wand of mindburst (11)
 Z - a wand of paralysis (2)
Scrolls
 e - a scroll of brand weapon
 l - 3 scrolls of poison {unknown}
 p - 3 scrolls of revelation {unknown}
 u - 3 scrolls of fear
 A - a scroll of silence {unknown}
 D - 2 scrolls of fog
 E - a scroll of amnesia
 L - a scroll of acquirement {unknown}
 O - a scroll of torment
 S - 2 scrolls of vulnerability {unknown}
 T - a scroll of noise {unknown}
 U - a scroll of blinking
 V - a scroll of immolation {unknown}
 X - a scroll of teleportation
Potions
 c - 2 potions of attraction
 f - 4 potions of curing
 i - 2 potions of mutation
 n - a potion of lignification
 q - 3 potions of brilliance
 v - 3 potions of enlightenment
 x - 2 potions of cancellation
 B - 2 potions of might
 G - 2 potions of resistance
 J - 2 potions of degeneration
 P - a potion of berserk rage
Miscellaneous
 Q - a phantom mirror (inert)


   Skills:
 + Level 5.3 Fighting
 - Level 3.2 Armour
 + Level 10.5 Dodging
 - Level 2.4 Stealth
 - Level 2.3 Shields
 - Level 15.0 Spellcasting
 + Level 11.6 Conjurations
 - Level 6.2 Summonings
 - Level 3.2 Translocations
 - Level 5.4 Transmutations
 * Level 9.6 Fire Magic
 - Level 7.0 Ice Magic
 - Level 3.3 Air Magic
 - Level 10.1 Poison Magic


You had 6 spell levels left.
You knew the following spells:

 Your Spells              Type           Power      Damage    Failure   Level
a - Sting                 Tmut/Pois      100%       1d8       1%          1
b - Poisonous Vapours     Pois/Air       100%       N/A       1%          2
c - Iskenderun's Mystic   Conj/Tloc      72%        2d15      1%          4
d - Fireball              Conj/Fire      42%        3d17      1%          5
f - Blink                 Tloc           100%       N/A       1%          2
g - Olgreb's Toxic Radia  Pois           83%        N/A       1%          4
h - Ozocubu's Armour      Ice            71%        N/A       1%          3
i - Searing Ray           Conj           100%       2d8       1%          2
j - Frozen Ramparts       Ice            100%       1d16      1%          3
k - Call Canine Familiar  Summ           68%        N/A       1%          3
l - Ignite Poison         Fire/Tmut/Pois 76%        N/A       1%          3
m - Call Imp              Summ           100%       N/A       1%          2
n - Mephitic Cloud        Conj/Pois/Air  76%        N/A       1%          3

Your spell library contained the following spells:

 Spells                   Type           Power      Damage    Failure   Level
 Sticky Flame             Conj/Fire      84%        2d10      1%          4
 Apportation              Tloc           100%       N/A       1%          1
 Magic Dart               Conj           100%       1d8       1%          1
 Lesser Beckoning         Tloc           100%       N/A       1%          2
 Momentum Strike          Conj/Tloc      100%       3d10      1%          2
 Slow                     Hex            100%       N/A       4%          1
 Alistair's Intoxication  Tmut/Pois      49%        N/A       4%          5
 Portal Projectile        Hex/Tloc       84%        N/A       7%          3
 Confusing Touch          Hex            29%        N/A       13%         3
 Vampiric Draining        Necr           29%        2d8       13%         3
 Leda's Liquefaction      Hex/Erth       14%        N/A       38%         4
 Ozocubu's Refrigeration  Ice            35%        4d15      45%         7


Dungeon Overview and Level Annotations

Branches:
Dungeon (10/15)            Temple (1/1) D:6            Lair (5/5) D:8
  Swamp (1/4) Lair:2        Snake (1/4) Lair:3        Slime (0/5) Lair:4
    Orc: D:9-12

Altars:
Ashenzari
Elyvilon
Fedhas
Hepliaklqana
Makhleb
Qazlal
Trog
Vehumet
Wu Jian
Xom
Zin
The Shining One
Jiyva
Lugonu

Shops:
D:6 ?*

Portals:
Abyss: Lair:5

Annotations:
D:7 Menkaure
D:8 3 runed translucent doors, 1 exclusion, Anathary's ghost, journeyman FoFi
D:9 1 exclusion
Lair:1 Harold


Innate Abilities, Weirdness & Mutations

You are a tree.
Your roots penetrate the ground, keeping you stationary.
You cannot be teleported.
You are immune to unholy pain and torment.
Your maximum health is greatly increased.
Your equipment is partially melded.
((You have very sharp teeth.))
Your muscles are strong. (Str +4, Int/Dex -1)


Message History

The swamp drake breathes poison at you.
The noxious blast engulfs you but does no damage.
You are poisoned.
You are engulfed in noxious fumes.
You choke on the stench!
You are more confused.
You are no longer berserk.
You are exhausted.
You feel yourself slow down.
You feel sick.
Really quaff the potion of lignification?
Okay, then.
Unknown command.
You are too confused!
It was a potion of curing.
You feel better.
You are engulfed in noxious fumes.
You choke on the stench!
You are confused.
The shambling mangrove hits you!
* * * LOW HITPOINT WARNING * * *
Roots burst forth from the earth!
The grasping roots grab you! The grasping roots constrict you!
* * * LOW HITPOINT WARNING * * *
Unknown command.
Unknown command.
Okay, then.
Unknown command.
Unknown command.
Okay, then.
Really quaff the potion of lignification?
You turn into a tree.
The +1 helmet of the Game Afoot {Str-4 Int+3} melds into your body.
Your +0 pair of gloves melds into your body.
Your +3 leather armour of willpower melds into your body.
You feel less strong-willed.
Your roots penetrate the ground.
You feel less confused. The swamp drake breathes poison at you.
The noxious blast engulfs you but does no damage.
You resist.
The swamp drake bites you but does no damage.
The shambling mangrove hits you!
You die...

.♣ ♣♣.♣ ....♣♣♣
~♣~..~.♣♣♣♣♣♣♣♣♣♣♣♣♣♣
~~~~.~~§..○k○○○.<♣♣~♣♣♣
~.~§.♣~♣♣..f♣○†....~~.♣♣♣♣♣.~
♣~♣~.~~§~..♣○♣♣♣...§~~~...♣.~
..)†.)...§♣♣♣♣ ♣♣♣)~~.~.~~~..
........(.♣ ♣~~.~~~.~~~~~
#######...♣ ♣~~~~.>...~.
......#..~.♣ ♣~~~.~~.♣♣~♣. .
.).#...~♣ ♣♣~~~~~~♣♣ ~.
f.#..~~♣ ♣♣~~~...♣.~. .#..~.♣
♣~~~~.~....♣


You could see a shambling mangrove and a swamp drake (catching breath).

Vanquished Creatures
  Kirke (Lair:5)
  2 eleionomae (Swamp:1)
  Josephine (Lair:5)
  5 death yaks
  2 boulder beetles
  An alligator (Swamp:1)
  Urug (Lair:4)
  2 thrashing horrors (Lair:5)
  A skyshark (shapeshifter) (Lair:5)
  Amaemon (Lair:3)
  3 skysharks (Lair:5)
  A spriggan druid (Swamp:1)
  2 swamp dragons (Swamp:1)
  A bog body (Lair:2)
  A lindwurm (Lair:5)
  A rust devil (D:6)
  5 black mambas
  6 elephants
  8 cane toads
  2 smoke demons (Lair:5)
  2 rime drakes
  4 komodo dragons
  2 ancient zymes (Lair:5)
  A troll (D:10)
  4 hornets
  A polar bear (Lair:4)
  2 tyrant leeches (Swamp:1)
  14 blink frogs
  A ynoxinul (Lair:5)
  Sigmund (D:3)
  3 spriggans
  46 yaks
  5 wraiths
  A vampire (D:10)
  6 hogs (Lair:5)
  3 chaos spawn (Lair:5)
  7 wyverns
  2 basilisks
  6 swamp worms
  11 water moccasins
  4 black bears
  7 orc warriors (D:9)
  2 ice beasts (D:6)
  17 wolves
  2 ogres
  A tengu (D:6)
  6 small abominations (Lair:5)
  2 centaurs
  A phantom (D:6)
  3 kobold brigands
  10 bullfrogs
  3 scorpions
  11 wights
  6 killer bees (D:8)
  6 electric eels
  2 jellies
  3 orc priests
  A gnoll bouda (D:6)
  5 hounds
  A sleepcap (D:5)
  Ijyb (D:5)
  5 iguanas
  Natasha (twice) (D:3)
  4 orc wizards
  8 gnolls
  8 adders
  2 ufetubi
  2 worms (D:2)
  2 dart slugs
  25 orcs
  7 ball pythons
  5 endoplasms
  3 giant cockroaches
  5 goblins
  9 hobgoblins
  2 jackals (D:1)
  23 kobolds
  A quokka (D:1)
  2 bats (D:3)
  3 frilled lizards
  5 rats
  A butterfly (Lair:2)
387 creatures vanquished.

Vanquished Creatures (collateral kills)
  A death yak (Lair:5)
  A thrashing horror (Lair:5)
  A bog body (Lair:2)
  An ugly thing (Lair:5)
  An elephant (Lair:4)
  An orange demon (Lair:3)
  2 cane toads
  An ancient zyme (Lair:5)
  2 blink frogs (Lair:5)
  4 yaks
  2 wraiths
  A large abomination (Lair:5)
  A hog (Lair:5)
  A chaos spawn (Lair:5)
  10 water moccasins
  2 bullfrogs
  A kobold brigand (D:8)
  A scorpion (Lair:3)
  3 howler monkeys (D:8)
  6 small abominations (Lair:5)
  2 jellies (Lair:4)
  A white imp (D:8)
  2 orcs (D:10)
  A kobold (D:8)
49 creatures vanquished.

Grand Total: 436 creatures vanquished

Notes
Turn   | Place    | Note
-------+----------+-------------------------------------------
     0 | D:1      | AvylaarBelgium the Deep Elf Venom Mage began the quest for
                  | the Orb.
     0 | D:1      | Reached XP level 1. HP: 10/10 MP: 6/6
   293 | D:1      | Reached XP level 2. HP: 12/15 MP: 6/8
   871 | D:2      | Learned a level 2 spell: Poisonous Vapours
  1029 | D:2      | Reached XP level 3. HP: 17/19 MP: 3/10
  1080 | D:2      | Identified the +1 helmet of the Game Afoot {Str-4 Int+3}
  1255 | D:3      | Reached skill level 4 in Spellcasting
  1259 | D:3      | Noticed Natasha
  1270 | D:3      | Killed Natasha
  1271 | D:3      | Reached XP level 4. HP: 12/24 MP: 0/12
  1361 | D:3      | Learned a level 3 spell: Mephitic Cloud
  1722 | D:3      | Reached skill level 5 in Spellcasting
  1744 | D:3      | Noticed Sigmund
  1784 | D:4      | Reached XP level 5. HP: 26/28 MP: 6/14
  2151 | D:4      | Noticed a black bear
  2166 | D:4      | Killed a black bear
  2167 | D:4      | Reached skill level 6 in Spellcasting
  2167 | D:4      | Reached XP level 6. HP: 32/32 MP: 6/17
  2211 | D:4      | Found a white marble altar of Elyvilon.
  2823 | D:5      | Entered Level 5 of the Dungeon
  2895 | D:5      | Reached skill level 1 in Air Magic
  2895 | D:5      | Reached skill level 5 in Poison Magic
  2906 | D:5      | Reached skill level 1 in Shields
  2944 | D:5      | Reached XP level 7. HP: 36/36 MP: 0/19
  2949 | D:5      | Gained mutation: Your flesh is cold resistant. (rC+)
                  | [potion of mutation]
  2949 | D:5      | Gained mutation: You have large cloven feet. [potion of
                  | mutation]
  3050 | D:5      | Reached skill level 7 in Spellcasting
  3055 | D:5      | Noticed Ijyb
  3182 | D:5      | Killed Ijyb
  3633 | D:3      | Noticed Natasha
  3639 | D:3      | Killed Natasha
  3695 | D:3      | Killed Sigmund
  3696 | D:3      | Reached skill level 1 in Armour
  3809 | D:6      | Found Muvyli's Magic Scroll Emporium.
  3827 | D:6      | Bought a scroll of teleportation for 33 gold pieces
  3827 | D:6      | Bought a scroll of fog for 44 gold pieces
  3827 | D:6      | Bought a scroll of fear for 44 gold pieces
  3879 | D:6      | Reached XP level 8. HP: 28/41 MP: 1/21
  4041 | D:7      | Identified the +8 morningstar "Riewi" {venom, rN+ Will-
                  | rCorr Int+4}
  4146 | D:7      | Noticed Menkaure
  4151 | D:7      | Learned a level 2 spell: Call Imp
  4324 | D:7      | Lost mutation: Your flesh is cold resistant. (rC+) [potion
                  | of mutation]
  4324 | D:7      | Lost mutation: You have large cloven feet. [potion of
                  | mutation]
  4324 | D:7      | Gained mutation: You passively map a small area around you.
                  | [potion of mutation]
  4324 | D:7      | Lost strength.
  4324 | D:7      | Gained mutation: You are agile. (Dex +4, Str/Int -1)
                  | [potion of mutation]
  4324 | D:7      | Gained mutation: You have large cloven feet. [potion of
                  | mutation]
  4354 | D:7      | Noticed a hornet
  4372 | D:7      | Killed a hornet
  4373 | D:7      | Reached skill level 8 in Spellcasting
  4373 | D:7      | Reached skill level 1 in Summonings
  4466 | D:6      | Reached skill level 5 in Transmutations
  4501 | D:6      | Learned a level 2 spell: Momentum Strike
  4504 | D:6      | Learned a level 2 spell: Blink
  4506 | D:6      | Found a staircase to the Ecumenical Temple.
  4516 | Temple   | Entered the Ecumenical Temple
  4690 | Temple   | Became a worshipper of Vehumet
  4743 | D:6      | Noticed an angel
  4827 | D:6      | Found Yfaceut's Assorted Antiques.
  4951 | D:6      | Noticed a rust devil
  5018 | D:6      | Killed a rust devil
  5019 | D:6      | Reached XP level 9. HP: 45/45 MP: 4/23
  5068 | D:6      | Reached skill level 9 in Spellcasting
  5224 | D:6      | Reached skill level 1 in Conjurations
  5323 | D:8      | You fall into a shaft and drop 2 floors!
  5323 | D:10     | Entered Level 10 of the Dungeon
  5527 | D:8      | Lost mutation: You have large cloven feet. [potion of
                  | mutation]
  5527 | D:8      | Lost mutation: You passively map a small area around you.
                  | [potion of mutation]
  5527 | D:8      | Lost mutation: You are agile. (Dex +4, Str/Int -1) [potion
                  | of mutation]
  5527 | D:8      | Gained mutation: You have very sharp teeth. [potion of
                  | mutation]
  5527 | D:8      | Gained mutation: Your muscles are strong. (Str +4, Int/Dex
                  | -1) [potion of mutation]
  5563 | D:8      | Reached skill level 1 in Fighting
  5735 | D:8      | Found a staircase to the Lair.
  5826 | Lair:1   | Entered Level 1 of the Lair of Beasts
  5826 | Lair:1   | Noticed a komodo dragon
  5832 | Lair:1   | Noticed a cane toad
  5942 | D:8      | Learned a level 4 spell: Olgreb's Toxic Radiance
  5973 | D:8      | Reached skill level 10 in Spellcasting
  6234 | D:8      | Found a runed translucent gate.
  6235 | D:8      | Found a runed translucent gate.
  6236 | D:8      | Found a runed translucent gate.
  6237 | D:8      | Noticed a gargoyle
  6238 | D:8      | Noticed Anathary's ghost (journeyman FoFi)
  6500 | D:9      | Reached * piety under Vehumet
  6500 | D:9      | Offered knowledge of Sandblast by Vehumet.
  6522 | D:9      | Learned a level 3 spell: Ozocubu's Armour
  6565 | D:9      | Reached XP level 10. HP: 53/53 MP: 6/26
  6574 | D:9      | Reached skill level 1 in Ice Magic
  6723 | D:9      | Reached skill level 5 in Conjurations
  6807 | D:9      | Identified the +3 chain mail of the Blue Skies {Drain +Inv
                  | Will++}
  6971 | D:8      | Reached skill level 5 in Dodging
  7609 | D:9      | Reached ** piety under Vehumet
  7609 | D:9      | Offered knowledge of Searing Ray by Vehumet.
  7637 | D:9      | Learned a level 2 spell: Searing Ray
  7774 | D:9      | Reached skill level 5 in Ice Magic
  7778 | D:9      | Offered knowledge of Frozen Ramparts by Vehumet.
  7785 | D:9      | Reached XP level 11. HP: 57/57 MP: 8/27
  7789 | D:9      | Learned a level 3 spell: Frozen Ramparts
  9180 | Lair:1   | Learned a level 3 spell: Call Canine Familiar
  9343 | Lair:1   | Reached skill level 1 in Translocations
  9357 | Lair:1   | Noticed Harold
  9388 | Lair:1   | Reached *** piety under Vehumet
  9525 | Lair:1   | Reached skill level 11 in Spellcasting
  9647 | Lair:1   | Offered knowledge of Ignite Poison by Vehumet.
  9659 | Lair:1   | Learned a level 3 spell: Ignite Poison
  9824 | Lair:2   | Reached skill level 10 in Poison Magic
 10245 | Lair:2   | Noticed a bog body
 10254 | Lair:2   | Killed a bog body
 10320 | Lair:2   | Found a staircase to the Swamp.
 10320 | Lair:2   | Noticed a bog body
 10492 | Lair:3   | Reached **** piety under Vehumet
 10509 | Lair:3   | Reached XP level 12. HP: 26/64 MP: 4/29
 10682 | Lair:4   | Reached skill level 12 in Spellcasting
 10698 | Lair:4   | Noticed Urug
 10702 | Lair:4   | Killed Urug
 10703 | Lair:4   | Reached skill level 5 in Summonings
 10714 | Lair:4   | Found a viscous altar of Jiyva.
 10714 | Lair:4   | Found a staircase to the Slime Pits.
 10875 | Lair:4   | Noticed a boulder beetle
 10956 | Lair:4   | Killed a boulder beetle
 11606 | Lair:4   | Offered knowledge of Fireball by Vehumet.
 11762 | Lair:5   | Entered Level 5 of the Lair of Beasts
 11762 | Lair:5   | Noticed a boulder beetle
 11770 | Lair:5   | Killed a boulder beetle
 11811 | Lair:5   | Reached skill level 13 in Spellcasting
 11828 | Lair:5   | Reached skill level 10 in Conjurations
 11990 | Lair:5   | Learned a level 5 spell: Fireball
 12077 | Lair:5   | Noticed Kirke
 12080 | Lair:5   | Reached skill level 1 in Fire Magic
 12105 | Lair:5   | Killed Kirke
 12112 | Lair:5   | Reached skill level 14 in Spellcasting
 12241 | Lair:5   | Noticed a death yak
 12246 | Lair:5   | Killed a death yak
 12246 | Lair:5   | Noticed a death yak
 12247 | Lair:5   | Reached XP level 13. HP: 69/69 MP: 18/33
 12522 | Lair:5   | Noticed Josephine
 12757 | Lair:3   | Reached ***** piety under Vehumet
 12811 | Lair:3   | Reached skill level 5 in Fire Magic
 12845 | Lair:3   | Noticed Amaemon
 13083 | Lair:3   | Reached skill level 15 in Spellcasting
 13122 | Lair:3   | Offered knowledge of Iskenderun's Mystic Blast by Vehumet.
 13128 | Lair:3   | Learned a level 4 spell: Iskenderun's Mystic Blast
 13284 | Lair:3   | Found a staircase to the Snake Pit.
 13290 | Snake:1  | Entered Level 1 of the Snake Pit
 13419 | Lair:3   | Killed Amaemon
 14707 | Lair:5   | Upgraded the game from 0.31-a0-175-g9f7f995f2b to
                  | 0.31-a0-176-g91f28db67f
 14851 | Lair:5   | Identified the +3 hand axe of Freehold {flame, Dex+5}
 15087 | Lair:5   | Reached XP level 14. HP: 76/76 MP: 15/35
 15133 | Lair:5   | Reached skill level 10 in Dodging
 15360 | Lair:5   | Killed Josephine
 15424 | Lair:5   | Found a corrupted altar of Lugonu.
 15424 | Lair:5   | Found a one-way gate to the infinite horrors of the Abyss.
 15430 | Lair:5   | Identified the staff of poison "Pejasoa Uqui" {rPois Str+4
                  | Int+2}
 15935 | Swamp:1  | Entered Level 1 of the Swamp
 15948 | Swamp:1  | Reached skill level 5 in Fighting
 16347 | Swamp:1  | Offered knowledge of Sticky Flame by Vehumet.
 16355 | Swamp:1  | Noticed a thorn hunter
 16355 | Swamp:1  | Noticed a ghoul
 16682 | Swamp:1  | Slain by a shambling mangrove

Illustrated notes

Levels and vault maps discovered:
D:1:      amcnicky_arrival_single_pillar, layout_loops_ring, dk_noncrumbling_4
D:2:      layout_basic, serial_bayou_ford_a
D:3:      layout_loops_ring, chequers_mini_garden, uniq_natasha, uniq_sigmund
D:4:      layout_basic, elyvilon_altar_5, serial_forest,
          infiniplex_forest_lined_corner, infiniplex_forest_lined_2,
          infiniplex_forest_clump_tiny, infiniplex_forest_lined_3,
          infiniplex_forest_fountain, infiniplex_forest_end_2,
          infiniplex_forest_lined_3, infiniplex_forest_clump_long,
          nrook_loot_triangle, roderic_malta_cross, chequers_avenue,
          hangedman_abyss_or_decor_lesser_grid
D:5:      layout_gridville, uniq_ijyb
D:6:      layout_basic, temple_garden, serial_shops, shop,
          minmay_misc_feat_five, nicolae_concentric_dashed_squares_wild,
          nicolae_stop_n_shop_2, kennysheep_generic_room_8
D:7:      layout_gridville, mainiacjoe_overflow_small_starburst, uniq_menkaure
D:8:      layout_gridville, david_lair_generic, gammafunk_ghost_split
D:9:      layout_roguey [special_room_orc]
D:10:     layout_basic, hangedman_abyss_or_decor_clamps
Temple:   mainiacjoe_temple_cubbyholes
Lair:1:   layout_roguey, grunt_megastairs_4, uniq_harold
Lair:2:   layout_gridlike, nicolae_swamp_entry_splash_gauntlet,
          lemuel_fruit_fields
Lair:3:   layout_regular_city, minmay_snake_entry_six_corridors, serial_bayou,
          serial_bayou_shore_a, serial_bayou_crossing, serial_bayou_pond_d,
          serial_bayou_lagoon_a, uniq_amaemon
Lair:4:   layout_layer_cave, nicolae_slime_entry_field_trip, uniq_urug
Lair:5:   hellmonk_lair_end_abyssal_woods, layout_regular_city, uniq_josephine,
          uniq_kirke
Swamp:1:  layout_falls_marsh, gammafunk_ghost_split, evilmike_swamp_ruin_house_4
Snake:1:  onia_ninara_swampy_vault, layout_misc_corridors, minmay_shoptagon

Skill      XL: |  1  2  3  4  5  6  7  8  9 10 11 12 13 14 |
---------------+-------------------------------------------+-----
Transmutations | 2 3 4 5 |  5.4
Spellcasting   | 4 5 6 7 8 10 11 14 15 | 15.0
Poison Magic   | 4 5 6 7 9 10 | 10.1
Air Magic      | 1 2 3 |  3.3
Shields        | 1 2 |  2.3
Armour         | 1 3 |  3.2
Summonings     | 3 4 6 |  6.2
Conjurations   | 4 6 8 10 11 | 11.6
Fighting       | 2 3 4 5 |  5.3
Dodging        | 4 5 6 7 9 10 | 10.5
Ice Magic      | 5 6 7 |  7.0
Translocations | 3 |  3.2
Fire Magic     | 3 8 9 |  9.6
Stealth        | |  2.4

Action                     |  1- 3 |  4- 6 |  7- 9 | 10-12 | 13-15 || total
---------------------------+-------+-------+-------+-------+-------++-------
  Melee: Whip              |    20 |    15 |     2 |       |       ||    37
         Dagger            |       |       |    12 |       |       ||    12
         Kick              |       |       |     9 |       |       ||     9
         Hand axe          |       |       |    13 |    36 |       ||    49
         Bite              |       |       |       |     6 |     4 ||    10
         Demon trident     |       |       |       |     6 |    50 ||    56
         Morningstar       |       |       |       |       |     1 ||     1
   Cast: Sting             |    79 |    60 |   129 |    45 |     2 ||   315
         Poisonous Vapours |     2 |    24 |    73 |    51 |    49 ||   199
         Mephitic Cloud    |       |     1 |     9 |     4 |       ||    14
         Call Imp          |       |       |    19 |    42 |    17 ||    78
         Momentum Strike   |       |       |     8 |    20 |     1 ||    29
         Blink             |       |       |     3 |    12 |     9 ||    24
         Olgreb's Toxic Ra |       |       |     6 |    47 |    19 ||    72
         Searing Ray       |       |       |       |    43 |    11 ||    54
         Call Canine Famil |       |       |       |    24 |    35 ||    59
         Frozen Ramparts   |       |       |       |     3 |     1 ||     4
         Ozocubu's Armour  |       |       |       |     1 |       ||     1
         Ignite Poison     |       |       |       |    18 |    54 ||    72
         Fireball          |       |       |       |       |    61 ||    61
         Iskenderun's Myst |       |       |       |       |    20 ||    20
  Evoke: Wand              |       |       |     3 |       |     2 ||     5
         Phantom mirror    |       |       |       |       |     1 ||     1
    Use: Scroll            |       |       |     6 |     8 |     8 ||    22
         Potion            |       |       |     3 |     1 |    11 ||    15
   Stab: Sleeping          |     1 |       |       |       |       ||     1
         Distracted        |       |       |     1 |     1 |     2 ||     4
 Armour: Robe              |     4 |     4 |     5 |     4 |       ||    17
         Leather armour    |       |       |       |    16 |    17 ||    33
         Skin              |       |       |       |       |     1 ||     1
  Dodge: Dodged            |    45 |    30 |    69 |   134 |   101 ||   379
  Block: Buckler           |       |       |    32 |    36 |    31 ||    99

Table legend: (Time is in decaauts)
 A = Elapsed time spent in this place.
 B = Non-inter-level travel time spent in this place.
 C = Inter-level travel time spent in this place.
 D = Time resting spent in this place.
 E = Time spent auto-exploring this place.
 F = Levels seen in this place.
 G = Mean time per level.
                   A        B        C        D        E       F      G
               +--------+--------+--------+--------+--------+-----+--------+
         Total |  16810 |  16203 |    607 |   3326 |   7734 |  18 |  933.9 |
       Dungeon |   8803 |   8366 |    437 |    913 |   4586 |  10 |  880.3 |
        Temple |    204 |    203 |      1 |      0 |    161 |   1 |  204.0 |
          Lair |   7253 |   7089 |    164 |   2096 |   2952 |   5 | 1450.6 |
         Swamp |    545 |    541 |      4 |    317 |     34 |   1 |  545.0 |
     Snake Pit |      2 |      2 |      0 |      0 |      0 |   1 |    2.0 |
               +--------+--------+--------+--------+--------+-----+--------+

Top non-repeatable levels by time:
  Lair:5: 2332 daAuts
  Lair:4: 1420 daAuts
     D:8: 1406 daAuts
  Lair:2: 1404 daAuts
  Lair:3: 1346 daAuts
     D:9: 1222 daAuts
     D:4: 1122 daAuts
    D:10: 1023 daAuts
     D:6: 923 daAuts
     D:1: 811 daAuts
  Lair:1: 750 daAuts
     D:3: 711 daAuts
     D:5: 674 daAuts
 Swamp:1: 545 daAuts
     D:2: 481 daAuts
